 Dungeon Crawl Stone Soup version 0.29-a0-338-g1ff7896281 (webtiles) character file.

Game seed: 8184567313713228504

158 greenreed the Gusty (level 5, 0/37 HPs)
             Began as a Gnoll Air Elementalist on Apr 17, 2022.
             Slain by Grinder (1 damage)
             ... while paralysed by Grinder
             ... on level 3 of the Dungeon.
             The game lasted 00:05:59 (2844 turns).

greenreed the Gusty (Gnoll Air Elementalist)        Turns: 2844, Time: 00:05:59

Health: 0/37       AC:  3    Str:  7    XL:     5   Next: 40%
Magic:  10/21      EV:  2    Int: 16    God:
Gold:   120        SH:  0    Dex: 13    Spells: 8/14 levels left

rFire   . . .      SeeInvis .   z - +1 dagger (venom)
rCold   . . .      Faith    .   (no shield)
rNeg    . . .      Spirit   .   a - +0 robe
rPois   .          Reflect  .   (no helmet)
rElec   .          Harm     .   (no cloak)
rCorr   .          Rampage  .   j - +0 pair of gloves
Will    .....                   (no boots)
Stlth   +++.......              (no amulet)
HPRegen 0.12/turn               k - ring of magical power
MPRegen 0.17/turn               (no ring)

@: paralysed
A: fangs 1, strong nose, distributed training
a: no special abilities


You were on level 3 of the Dungeon.
You visited 1 branch of the dungeon, and saw 4 of its levels.

You collected 120 gold pieces.

Inventory:

Hand Weapons
 z - a +1 dagger of venom (weapon)
Missiles
 g - 3 poisoned darts
 w - a throwing net
Armour
 a - a +0 robe (worn)
 h - a +0 kite shield
 j - a +0 pair of gloves (worn)
 y - a +0 helmet
Jewellery
 k - a ring of magical power (left hand)
 x - a ring of protection from cold
Wands
 u - a wand of flame (10)
Scrolls
 d - a scroll of amnesia {unknown}
 f - a scroll of vulnerability {unknown}
 i - 4 scrolls of identify {unknown}
 m - a scroll of enchant armour {unknown}
 o - 4 scrolls of teleportation {unknown}
 q - a scroll of blinking {unknown}
 t - 3 scrolls of fog {unknown}
Potions
 b - a potion of magic
 c - 3 potions of resistance {unknown}
 e - 2 potions of mutation {unknown}
 l - a potion of lignification {unknown}
 n - 2 potions of berserk rage {unknown}
 p - a potion of curing
 r - 2 potions of cancellation {unknown}
 s - a potion of might {unknown}
 v - 2 potions of flight {unknown}


   Skills:
 + Level 1.4 Fighting
 + Level 1.4 Short Blades
 + Level 1.4 Long Blades
 + Level 1.4 Axes
 + Level 1.4 Maces & Flails
 + Level 1.4 Polearms
 + Level 1.4 Staves
 + Level 1.4 Slings
 + Level 1.4 Bows
 + Level 1.4 Crossbows
 + Level 1.4 Throwing
 + Level 1.4 Armour
 + Level 4.8 Dodging
 + Level 4.4 Stealth
 + Level 1.4 Shields
 + Level 1.4 Unarmed Combat
 + Level 5.2 Spellcasting
 + Level 2.4 Conjurations
 + Level 1.1 Hexes
 + Level 1.1 Summonings
 + Level 1.1 Necromancy
 + Level 1.1 Translocations
 + Level 1.1 Transmutations
 + Level 1.1 Fire Magic
 + Level 1.1 Ice Magic
 + Level 5.5 Air Magic
 + Level 1.1 Earth Magic
 + Level 1.1 Poison Magic
 + Level 1.6 Invocations
 + Level 1.4 Evocations


You had 8 spell levels left.
You knew the following spells:

 Your Spells              Type           Power      Damage    Failure   Level
a - Shock                 Conj/Air       64%        1d7       3%          1
b - Static Discharge      Conj/Air       16%        N/A       4%          2
c - Swiftness             Air            21%        N/A       4%          3

Your spell library contained the following spells:

 Spells                   Type           Power      Damage    Failure   Level
 Airstrike                Air            10%        N/A       16%         4
 Inner Flame              Hex/Fire       7%         N/A       28%         3
 Cause Fear               Hex            3%         N/A       67%         4
 Discord                  Hex            3%         N/A       100%        8


Dungeon Overview and Level Annotations

Branches:
Dungeon (4/15)
 Temple: D:4-7

Altars:

Shops:
D:3 *

Annotations:
D:3 Grinder, Sigmund


Innate Abilities, Weirdness & Mutations

You have very sharp teeth.
Your uncanny sense of smell can sniff out nearby items.
Your experience applies equally to all skills.


Message History

Confirm with . or Enter, or press ? or * to list all spells.
Aiming: Shock (safe; 3% risk of failure)
Press: ? - help, Shift-Dir - straight line, f/p - Grinder
Aim: Grinder (lightly wounded, 68% to hit)
The zap hits Grinder!
Grinder is moderately wounded.
Casting: Shock (safe; 3% risk of failure)
Confirm with . or Enter, or press ? or * to list all spells.
Aiming: Shock (safe; 3% risk of failure)
Press: ? - help, Shift-Dir - straight line, f/p - Grinder
Aim: Grinder (moderately wounded, 68% to hit)
The zap hits Grinder.
Grinder is heavily wounded.
Casting: Shock (safe; 3% risk of failure)
Confirm with . or Enter, or press ? or * to list all spells.
Grinder is struck by an arc of lightning.
Grinder is severely wounded.
You are struck by an arc of lightning.
The lightning grounds out.
Grinder closely misses you.
Casting: Static Discharge (safe; 4% risk of failure)
Confirm with . or Enter, or press ? or * to list all spells.
Grinder is struck by an arc of lightning.
Grinder is severely wounded.
You are struck by an arc of lightning.
The lightning grounds out.
Grinder misses you.
Casting: Static Discharge (safe; 4% risk of failure)
Confirm with . or Enter, or press ? or * to list all spells.
Grinder is struck by an arc of lightning.
Grinder is almost dead.
You are struck by an arc of lightning.
The lightning grounds out.
Grinder gestures at you.
You suddenly lose the ability to move!
Grinder drinks a potion.
Grinder is healed!
Grinder hits you! Grinder hits you!
* * * LOW HITPOINT WARNING * * *
Grinder hits you!
* * * LOW HITPOINT WARNING * * *
You writhe in agony.
You die...

#.≈.# #≈≈(#
##≈≈########
##≈≈.........
#≈≈≈.........
##≈..########
#####...##### #
............# .##
.####.#.###@####....
#.#.# #5........
..#.###...###.#
#.##......∩....## #.
#.............#
#####..####....
#####..........
.........###.##.
#######.........


You could see Grinder.

Vanquished Creatures
  A hound (D:2)
  An iguana (D:3)
  3 adders
  A worm (D:2)
  3 dart slugs
  An orc (D:4)
  5 endoplasms
  2 giant cockroaches (D:2)
  3 goblins
  6 hobgoblins
  5 jackals
  3 quokkas
  3 ball pythons
  10 bats
  5 frilled lizards
  5 kobolds
  5 rats
62 creatures vanquished.

Vanquished Creatures (others)
  A plant (D:1)
1 creature vanquished.

Grand Total: 63 creatures vanquished

Notes
Turn   | Place    | Note
-------+----------+-------------------------------------------
     0 | D:1      | greenreed the Gnoll Air Elementalist began the quest for
                  | the Orb.
     0 | D:1      | Reached XP level 1. HP: 13/13 MP: 6/6
   163 | D:1      | Reached XP level 2. HP: 19/19 MP: 5/7
   748 | D:1      | Reached XP level 3. HP: 25/25 MP: 9/9
   966 | D:2      | Reached skill level 5 in Spellcasting
  1178 | D:2      | Reached skill level 1 in Invocations
  1276 | D:2      | Reached skill level 1 in Fighting
  1276 | D:2      | Reached skill level 1 in Short Blades
  1276 | D:2      | Reached skill level 1 in Long Blades
  1276 | D:2      | Reached skill level 1 in Axes
  1276 | D:2      | Reached skill level 1 in Maces & Flails
  1276 | D:2      | Reached skill level 1 in Polearms
  1276 | D:2      | Reached skill level 1 in Staves
  1276 | D:2      | Reached skill level 1 in Slings
  1276 | D:2      | Reached skill level 1 in Bows
  1276 | D:2      | Reached skill level 1 in Crossbows
  1276 | D:2      | Reached skill level 1 in Throwing
  1276 | D:2      | Reached skill level 1 in Armour
  1276 | D:2      | Reached skill level 1 in Shields
  1276 | D:2      | Reached skill level 1 in Unarmed Combat
  1276 | D:2      | Reached skill level 1 in Evocations
  1276 | D:2      | Reached XP level 4. HP: 4/32 MP: 6/11
  1307 | D:2      | Learned a level 2 spell: Static Discharge
  1311 | D:2      | Learned a level 3 spell: Swiftness
  1874 | D:2      | You fall into a shaft and drop 2 floors!
  1934 | D:4      | Reached skill level 1 in Hexes
  1934 | D:4      | Reached skill level 1 in Summonings
  1934 | D:4      | Reached skill level 1 in Necromancy
  1934 | D:4      | Reached skill level 1 in Translocations
  1934 | D:4      | Reached skill level 1 in Transmutations
  1934 | D:4      | Reached skill level 1 in Fire Magic
  1934 | D:4      | Reached skill level 1 in Ice Magic
  1934 | D:4      | Reached skill level 1 in Earth Magic
  1934 | D:4      | Reached skill level 1 in Poison Magic
  2494 | D:3      | Reached XP level 5. HP: 37/37 MP: 12/12
  2787 | D:3      | Found Orunuatale's Assorted Antiques.
  2816 | D:3      | Noticed Grinder
  2818 | D:3      | Noticed Sigmund
  2824 | D:3      | Paralysed by Grinder for 5 turns
  2840 | D:3      | Paralysed by Grinder for 7 turns
  2844 | D:3      | HP: 1/37 [Grinder (9)]
  2844 | D:3      | Slain by Grinder

Illustrated notes

Levels and vault maps discovered:
D:1:      eino_arrival_druids_welcome, layout_basic
D:2:      layout_loops_ring, minmay_tetromino_l4
D:3:      layout_loops_ring, serial_rivers, chequers_serial_rivers_marsh,
          chequers_serial_rivers_small_a, chequers_serial_rivers_small_a,
          chequers_serial_rivers_room_a, serial_shops, shop, uniq_sigmund,
          uniq_grinder
D:4:      layout_basic, bloody_trog, minmay_misc_feat_plants

Skill      XL: |  1  2  3  4 |
---------------+-------------+-----
Conjurations   | 2 |  2.4
Spellcasting   | 5 |  5.2
Invocations    | 1 |  1.6
Fighting       | 1 |  1.4
Short Blades   | 1 |  1.4
Long Blades    | 1 |  1.4
Axes           | 1 |  1.4
Maces & Flails | 1 |  1.4
Polearms       | 1 |  1.4
Staves         | 1 |  1.4
Slings         | 1 |  1.4
Bows           | 1 |  1.4
Crossbows      | 1 |  1.4
Throwing       | 1 |  1.4
Armour         | 1 |  1.4
Shields        | 1 |  1.4
Unarmed Combat | 1 |  1.4
Evocations     | 1 |  1.4
Hexes          | 1 |  1.1
Summonings     | 1 |  1.1
Necromancy     | 1 |  1.1
Translocations | 1 |  1.1
Transmutations | 1 |  1.1
Fire Magic     | 1 |  1.1
Ice Magic      | 1 |  1.1
Earth Magic    | 1 |  1.1
Poison Magic   | 1 |  1.1
Dodging        | |  4.8
Stealth        | |  4.4
Air Magic      | |  5.5

Action                   |  1- 3 |  4- 6 || total
-------------------------+-------+-------++-------
 Cast: Shock             |    81 |    75 ||   156
       Static Discharge  |       |     4 ||     4
Armor: Robe              |     3 |     2 ||     5
Dodge: Dodged            |    22 |     9 ||    31

Table legend: (Time is in decaauts)
 A = Elapsed time spent in this place.
 B = Non-inter-level travel time spent in this place.
 C = Inter-level travel time spent in this place.
 D = Time resting spent in this place.
 E = Time spent auto-exploring this place.
 F = Levels seen in this place.
 G = Mean time per level.
                   A        B        C        D        E       F      G
               +--------+--------+--------+--------+--------+-----+--------+
         Total |   2844 |   2678 |    166 |      0 |   2328 |   4 |  711.0 |
       Dungeon |   2844 |   2678 |    166 |      0 |   2328 |   4 |  711.0 |
               +--------+--------+--------+--------+--------+-----+--------+

Top non-repeatable levels by time:
     D:2: 1209 daAuts
     D:1: 957 daAuts
     D:3: 555 daAuts
     D:4: 122 daAuts
